 Dungeon Crawl Stone Soup version 0.16-a0-3880-g9314259 (webtiles) character file.

64 taqueso the Chucker (level 3, -5/30 HPs)
             Began as a Minotaur Hunter on Feb 2, 2015.
             Slain by a scorpion (6 damage)
             ... on level 5 of the Dungeon.
             The game lasted 00:03:30 (819 turns).

taqueso the Chucker (Minotaur Hunter)                Turns: 819, Time: 00:03:30

Health: -5/30      AC:  3    Str: 16    XL:     3   Next: 91%
Magic:  2/2        EV: 12    Int:  8    God:
Gold:   95         SH:  0    Dex: 11    Spells: 0 memorised, 2 levels left

rFire  . . .     SeeInvis .       - Unarmed
rCold  . . .     Clarity  .     d - +0 leather armour
rNeg   . . .     SustAb   .     (no shield)
rPois  .         Gourm    .     (helmet restricted)
rElec  .         Spirit   .     (no cloak)
rCorr  .         Warding  .     (no gloves)
rMut   .         Stasis   .     (no boots)
MR     .....                    (no amulet)
Stlth  +.........               (no ring)
                                (no ring)

@: not resistant to hostile enchantments, very unstealthy
A: retaliatory headbutt, horns 2
a: no special abilities


You were on level 5 of the Dungeon.
You were not hungry.

You visited 2 branches of the dungeon, and saw 6 of its levels.

You collected 95 gold pieces.

Inventory:

Hand weapons
 a - a +0 club
   (You took it off a kobold on level 1 of the Dungeon)
 k - a +0 club
   (You took it off a hobgoblin on level 2 of the Dungeon)
 n - a cursed +0 hand axe
   (You took it off an orc on level 4 of the Dungeon)
Missiles
 c - 2 throwing nets {=f, !d}
 e - 20 stones (quivered)
Armour
 d - a +0 leather armour (worn)
Jewellery
 t - an uncursed amulet of clarity {unknown}
   (You found it on level 4 of the Dungeon)
 v - an uncursed ring of flight {unknown}
   (You found it on level 4 of the Dungeon)
Magical devices
 r - a wand of polymorph (12)
   (You found it on level 4 of the Dungeon)
Scrolls
 h - a scroll of noise {unknown}
 j - a scroll of enchant weapon {unknown}
 l - a scroll of remove curse {unknown}
 o - a scroll of amnesia {unknown}
 p - 2 scrolls of identify {unknown}
 u - a scroll of blinking {unknown}
Potions
 g - a potion of restore abilities
 m - a potion of brilliance {unknown}
 q - a potion of might {unknown}
 z - a potion of poison {unknown}
Comestibles
 b - 2 chunks of flesh {@w0}
 f - 2 bread rations {@e1}
 s - a meat ration {@e2}
 w - a beef jerky


   Skills:
 - Level 2.4 Fighting
 - Level 4.0 Throwing
 - Level 2.1 Dodging
 - Level 0.7 Stealth
 + Level 4.0 Unarmed Combat


You had 2 spell levels left.
You didn't know any spells.

Dungeon Overview and Level Annotations

Branches:
Dungeon (5/15)             Temple (1/1) D:4

Altars:
Gozag
Makhleb
Okawaru
Ru
Yredelemnul
Zin


Innate Abilities, Weirdness & Mutations

You reflexively headbutt those who attack you in melee.
You have a pair of horns on your head.


Message History

A jackal comes into view.
You miss the jackal. The jackal barely misses you.
A hobgoblin comes into view. It is wielding a club.
You hit the jackal but do no damage.
The jackal bites you but does no damage.
A jackal comes into view.
You closely miss the jackal.
The jackal bites you but does no damage.
An orc comes into view.
You barely miss the jackal. Your headbutt misses the jackal.
The jackal bites you but does no damage.
You closely miss the jackal.
The jackal bites you but does no damage.
The jackal barely misses you. You furiously retaliate!
You headbutt the jackal. You barely miss the jackal.
Your headbutt misses the jackal. The jackal closely misses you.
You hit the jackal.
You kill the jackal!
The jackal bites you but does no damage.
You hit the jackal. The jackal bites you.
A jackal comes into view.
You take 3 damage, and have 27/30 hp.
You hit the jackal but do no damage. Your punch misses the jackal.
The jackal closely misses you.
A jackal comes into view.
You barely miss the jackal. You headbutt the jackal. The jackal bites you.
You take 2 damage, and have 25/30 hp.
You hit the jackal but do no damage.
The jackal bites you but does no damage.
You hit the jackal. Your punch misses the jackal. The jackal bites you.
The jackal bites you.
You take 4 damage, and have 21/30 hp.
You barely miss the jackal.
The jackal bites you but does no damage.
You barely miss the jackal. Your headbutt misses the jackal.
The jackal bites you but does no damage.
A scorpion comes into view.
You hit the jackal but do no damage. You headbutt the jackal.
You kill the jackal!
You closely miss the jackal.
The sentinel's mark upon you fades away.
The jackal bites you but does no damage.
The goblin hits you but does no damage.
You hit the jackal. The jackal closely misses you.
The jackal barely misses you.
You closely miss the jackal. Your headbutt misses the jackal.
The goblin closely misses you. The jackal barely misses you.
You hit the jackal. You punch the jackal.
You kill the jackal!
The goblin barely misses you.
You throw a stone. The stone hits the goblin.
The goblin barely misses you.
You throw a stone. The stone hits the goblin.
You kill the goblin!
Your Unarmed Combat skill increases to level 4!
You throw a stone. The stone hits the scorpion.
You hit the scorpion but do no damage. The scorpion misses you.
You furiously retaliate!
You headbutt the scorpion.
The hobgoblin hits you but does no damage.
You barely miss the scorpion.
You headbutt the scorpion, but do no damage.
The scorpion stings you! The hobgoblin barely misses you.
You take 9 damage, and have 13/30 hp.
MASSIVE DAMAGE!!
You closely miss the scorpion. Your headbutt misses the scorpion.
The scorpion stings you.
You are lethally poisoned!
The scorpion poisons you!
You take 2 damage, and have 11/30 hp.
You hit the scorpion.
You headbutt the scorpion, but do no damage.
You feel sick. The hobgoblin closely misses you. You furiously retaliate!
You headbutt the hobgoblin. The scorpion stings you.
* * * LOW HITPOINT WARNING * * *
A worker ant comes into view.
You take 4 damage, and have 7/30 hp.
Unknown command.
Drink which item? (? for menu, Esc to quit)
It was a potion of restore abilities.
You feel refreshed.
* * * LOW HITPOINT WARNING * * *
You feel sick. The hobgoblin hits you with a club.
* * * LOW HITPOINT WARNING * * *
The scorpion completely misses you.
You take 4 damage, and have 3/30 hp.
Drink which item? (? for menu, Esc to quit)
It was a potion of curing.
You feel better.
The scorpion stings you but does no damage.
The hobgoblin barely misses you.
You regained 10 hp, and now have 13/30 hp.
Drink which item? (? for menu, Esc to quit)
Okay, then.
You hit the scorpion.
The scorpion stings you but does no damage.
The hobgoblin misses you.
You hit the scorpion but do no damage. The scorpion stings you!
* * * LOW HITPOINT WARNING * * *
You take 6 damage, and have 7/30 hp.
You hit the scorpion but do no damage. The hobgoblin hits you with a club.
* * * LOW HITPOINT WARNING * * *
The scorpion stings you.
You die...

.# ##.# # #).# #####.###.###
.g....Z.....# .####.###Z#.#
# #.#.#
#.##.###.#a###############.
.........)ohhhg@s(..........
#.##.#####.#######.........#
#.# #.#######.# #.# ####.#
#.###...#.# #.#
........#.### #.#
..#...[.....# #.#
###.......#.# #.#
#.........# #.#


You could see a scorpion, a worker ant, an orc, 3 jackals and a hobgoblin.

Vanquished Creatures
  An adder (D:2)
  A giant mite (D:4)
  3 worms (D:4)
  An ooze (D:3)
  3 orcs
  A goblin (D:5)
  2 hobgoblins (D:2)
  3 bats
  A giant gecko skeleton (D:5)
  A giant newt (D:3)
  6 jackals
  3 kobolds
  5 rats
31 creatures vanquished.

Notes
Turn   | Place    | Note
--------------------------------------------------------------
     0 | D:1      | taqueso, the Minotaur Hunter, began the quest for the Orb.
     0 | D:1      | Reached XP level 1. HP: 18/18 MP: 1/1
    45 | D:1      | You fall through a shaft!
    84 | D:2      | Reached skill level 2 in Unarmed Combat
    84 | D:2      | Reached XP level 2. HP: 25/25 MP: 1/1
   261 | D:4      | Found a staircase to the Ecumenical Temple.
   270 | Temple   | Entered the Ecumenical Temple
   431 | D:4      | Reached skill level 3 in Unarmed Combat
   431 | D:4      | Reached XP level 3. HP: 30/30 MP: 2/2
   711 | D:5      | Entered Level 5 of the Dungeon
   803 | D:5      | Noticed a scorpion
   809 | D:5      | Reached skill level 4 in Unarmed Combat
   814 | D:5      | HP: 7/30 [scorpion (3)]
   815 | D:5      | HP: 3/30 [hobgoblin/club (3)]
   819 | D:5      | HP: 1/30 [hobgoblin/club (6)]
   819 | D:5      | Slain by a scorpion

Action                   || total
-------------------------++-------
Melee: Unarmed           ||    57
Throw: Javelin           ||    44
       Stone             ||     9
  Use: Potion            ||     2

Vault maps used:
D:1:      mrwooster_arrival_statue
D:2:      uniq_robin, uniq_crazy_yiuf_cottage
D:3:      amethyst_overflow_temple_binary
D:4:      minmay_temple_entry_statues_pillars
D:5:      first_bread
Temple:   circular_temple_6

Table legend:
 A = Turns spent in this place as a percentage of turns spent in the entire game.
 B = Non-inter-level travel turns spent in this place as a percentage of non-inter-level travel turns spent in the entire game.
 C = Inter-level travel turns spent in this place as a percentage of turns spent in this place.
 D = Turns resting spent in this place as a percentage of non-inter-level travel turns spent in this place.
 E = Turns spent auto-exploring this place as a percentage of non-inter-level travel turns spent in this place.
 F = Non-inter-level travel turns spent in this place divided by the number of levels of this place that you've seen.
                   A       B       C       D       E      F
               +-------+-------+-------+-------+-------+----------------------
         Total | 100.0 | 100.0 |   1.7 |   1.4 |  14.5 |  48.3
       Dungeon |  96.3 |  96.6 |   1.4 |   1.4 |  12.5 |  56.0
        Temple |   3.7 |   3.4 |   9.1 |   0.0 |  70.0 |  10.0
               +-------+-------+-------+-------+-------+----------------------

Table legend:
 A = Kills in this place as a percentage of kills in entire the game.
 B = Kills by you in this place as a percentage of kills by you in the entire game.
 C = Kills by friends in this place as a percentage of kills by friends in the entire game.
 D = Other kills in this place as a percentage of other kills in the entire game.
 E = Experience gained in this place as a percentage of experience gained in the entire game.
 F = Experience gained in this place divided by the number of levels of this place that you have seen.
                   A       B       C       D       E      F
               +-------+-------+-------+-------+-------+----------------------
         Total | 100.0 | 100.0 |  -nan |  -nan | 100.0 |  15.3
       Dungeon | 100.0 | 100.0 |  -nan |  -nan | 100.0 |  18.4
               +-------+-------+-------+-------+-------+----------------------
